 Dungeon Crawl Stone Soup version 0.30.1-11-g7821555f0a (webtiles) character file.

Game seed: 14775387676519276477

1158 Martska the Trooper (level 8, -1/65 HPs)
             Began as a Demonspawn Fighter on Dec 13, 2023.
             Slain by Maggie
             ... wielding a +0 halberd of distortion
              (5 damage)
             ... on level 6 of the Dungeon.
             The game lasted 00:05:37 (4984 turns).

Martska the Trooper (Demonspawn Fighter)            Turns: 4984, Time: 00:05:38

Health: -1/65      AC: 11    Str: 18    XL:     8   Next: 16%
Magic:  8/8        EV: 16    Int: 10    God:
Gold:   299        SH:  5    Dex: 13    Spells: 7/7 levels left

rFire   . . .        a - +0 war axe
rCold   . . .        c - +0 buckler
rNeg    . . .        b - +0 scale mail
rPois   .            y - +0 helmet
rElec   .            (no cloak)
rCorr   +            h - +0 pair of gloves
SInv    .            (no boots)
Will    .....        v - amulet of magic regeneration Stlth
                     t - ring of resist corrosion
HPRegen 0.30/turn    B - +5 ring of evasion
MPRegen 0.51/turn

%: no passive effects
@: mesmerised
A: yellow scales 1, condensation shield, weakness stinger 2
a: no special abilities


You were on level 6 of the Dungeon.
You visited 2 branches of the dungeon, and saw 7 of its levels.
You also visited: Sewer.

You collected 299 gold pieces.

Inventory:

Hand Weapons
 a - a +0 war axe (weapon)
 x - a +0 vampiric dagger
Armour
 b - a +0 scale mail (worn)
 c - a +0 buckler (worn)
 h - a +0 pair of gloves (worn)
 y - a +0 helmet (worn)
Jewellery
 t - a ring of resist corrosion (left hand)
 v - an amulet of magic regeneration (around neck)
 B - a +5 ring of evasion (right hand)
 D - a ring of fire
Wands
 w - a wand of flame (12)
 A - a wand of polymorph (3)
 G - a wand of roots (7)
Scrolls
 m - a scroll of vulnerability
 o - 3 scrolls of noise {unknown}
 q - 2 scrolls of immolation {unknown}
 r - 4 scrolls of teleportation
 s - a scroll of amnesia {unknown}
 u - 2 scrolls of identify
 E - a scroll of poison {unknown}
 F - a scroll of magic mapping {unknown}
Potions
 d - 2 potions of might
 e - 4 potions of flight
 f - 3 potions of heal wounds
 g - a potion of attraction {unknown}
 i - a potion of degeneration {unknown}
 j - a potion of brilliance {unknown}
 k - 6 potions of curing
 l - 2 potions of haste {unknown}
 n - a potion of ambrosia {unknown}
 p - 2 potions of mutation {unknown}
 z - a potion of invisibility {unknown}
 C - a potion of lignification {unknown}


   Skills:
 * Level 6.3 Fighting
 - Level 1.7 Axes
 + Level 4.5 Armour
 * Level 5.0 Dodging
 + Level 4.3 Shields


You had 7 spell levels left.
You didn't know any spells.
Your spell library contained the following spells:

 Spells                   Type           Power      Damage    Failure   Level
 Beastly Appendage        Tmut           0%         N/A       82%         1
 Kiss of Death            Conj/Necr      0%         2d5       82%         1
 Wereblood                Tmut           0%         N/A       91%         2
 Confusing Touch          Hex            0%         N/A       99%         3
 Spider Form              Tmut/Pois      0%         N/A       99%         3
 Stone Arrow              Conj/Erth      0%         3d7       99%         3
 Vhi's Electric Charge    Tloc/Air       0%         N/A       99%         3
 Animate Armour           Summ/Erth      0%         N/A       100%        4
 Dispel Undead            Necr           0%         3d6       100%        4
 Olgreb's Toxic Radiance  Pois           0%         N/A       100%        4
 Arcjolt                  Conj/Air       0%         1d10      100%        5
 Plasma Beam              Fire/Air       0%         2x1d11    100%        6
 Discord                  Hex            0%         N/A       100%        8
 Ignition                 Fire           0%         3d3       100%        8
 Lehudib's Crystal Spear  Conj/Erth      0%         10d2      100%        8


Dungeon Overview and Level Annotations

Branches:
Dungeon (6/15)             Temple (1/1) D:5           Sewer (visited)

Altars:
Ashenzari
Cheibriados
Dithmenos
Fedhas
Gozag
Hepliaklqana
Makhleb
Okawaru
Sif Muna
Trog
Uskayaw
Xom

Shops:
D:5 *

Annotations:
D:6 Maggie


Innate Abilities, Weirdness & Mutations

You are partially covered in yellow scales. (AC +2)
A meltable shield of frost defends you. (SH +0)
You have a tail ending in a sharp stinger.


Message History

Maggie hits you with a +0 halberd of distortion!
Space warps horribly around you!
You hit Maggie.
Maggie is severely wounded.
Maggie closely misses you.
You hit Maggie but do no damage.
Maggie is severely wounded.
You block Maggie's attack.
You hit Maggie but do no damage.
Maggie is severely wounded.
Maggie hits you with a +0 halberd of distortion!
You blink.
You block Maggie's attack. Maggie barely misses you.
You barely miss Maggie.
Maggie is severely wounded.
Maggie casts a spell.
Maggie draws you further into her thrall.
You hit Maggie.
Maggie is severely wounded.
Maggie misses you. Maggie casts a spell at you. The bolt of fire hits you!
Your condensation shield dissipates!
* * * LOW HITPOINT WARNING * * *
You barely miss Maggie.
Maggie is severely wounded.
Maggie misses you.
You slash Maggie!
Maggie is almost dead.
Maggie hits you with a +0 halberd of distortion.
* * * LOW HITPOINT WARNING * * *
You blink.
Maggie hits you with a +0 halberd of distortion.
* * * LOW HITPOINT WARNING * * *
You barely miss Maggie.
Maggie is almost dead.
Maggie hits you with a +0 halberd of distortion!
* * * LOW HITPOINT WARNING * * *
Space warps around you.
You die...

......#........................#.
......#.<.)....................'.
......#........................#.
......########...##...##.....####
...#+####.##############.....###.
...'....#....#....# #..........
...#....#....#.ยง..# #..........
...#....#....#....# #..........
...#....#....#.@@.# #.........[
...#....#....#....# #..........
...#....#....#....# #..(.......
...#....#....#....# #..........
...#.####.####.###### ###########
..##.####.####.####.####..##.####
#......>........#...'......#...'.
#...............#...#......#...#.
................#...#......#...#.


You could see Maggie (mesmerising).

Vanquished Creatures
  A black bear (D:4)
  An ogre (D:5)
  A centaur (D:5)
  A phantom (D:6)
  A bullfrog (D:6)
  3 scorpions
  2 orc priests (D:5)
  2 hounds
  2 jellies
  Ijyb (D:3)
  2 orc wizards
  A sickly merfolk siren (Sewer)
  A malarious merfolk avatar (Sewer)
  Robin (D:3)
  4 gnolls (D:5)
  9 adders
  2 river rats
  2 white imps (D:6)
  3 worms
  3 dart slugs
  9 orcs
  9 endoplasms
  6 giant cockroaches
  6 goblins
  6 hobgoblins
  5 jackals
  7 quokkas
  8 ball pythons
  6 bats
  11 frilled lizards
  4 kobolds
  24 rats
144 creatures vanquished.

Notes
Turn   | Place    | Note
-------+----------+-------------------------------------------
     0 | D:1      | Martska the Demonspawn Fighter began the quest for the Orb.
     0 | D:1      | Reached XP level 1. HP: 18/18 MP: 1/1
   155 | D:1      | Gained mutation: You have a small tail. [demonic ancestry]
   155 | D:1      | Reached XP level 2. HP: 21/24 MP: 2/2
   384 | D:1      | Reached skill level 1 in Dodging
   866 | D:2      | Gained mutation: You have a tail ending in a sharp stinger.
                  | [demonic ancestry]
   866 | D:2      | Reached XP level 3. HP: 26/29 MP: 3/3
  1025 | D:2      | Found a faded altar of an unknown god.
  1117 | D:2      | Identified the +1 spear "Ehour" {vamp, rPois}
  1254 | D:2      | Found an opulent altar of Gozag.
  1504 | D:3      | Reached XP level 4. HP: 36/36 MP: 4/4
  1641 | D:3      | Found a glowing drain.
  1661 | Sewer    | Entered a sewer
  1772 | Sewer    | Reached skill level 4 in Fighting
  1850 | Sewer    | Reached XP level 5. HP: 42/42 MP: 5/5
  2314 | D:3      | Noticed Ijyb
  2325 | D:3      | Killed Ijyb
  2351 | D:3      | Noticed Robin
  2359 | D:3      | Killed Robin
  2702 | D:4      | Gained mutation: A meltable shield of frost defends you.
                  | (SH +0) [demonic ancestry]
  2702 | D:4      | Reached XP level 6. HP: 46/49 MP: 6/6
  3170 | D:5      | Entered Level 5 of the Dungeon
  3208 | D:5      | Reached skill level 5 in Fighting
  3278 | D:5      | Reached XP level 7. HP: 38/56 MP: 7/7
  3599 | D:5      | Found a staircase to the Ecumenical Temple.
  3730 | Temple   | Entered the Ecumenical Temple
  4119 | D:5      | Found Wem Dooh's Gadget Gallery.
  4630 | D:6      | Reached skill level 6 in Fighting
  4690 | D:6      | Gained mutation: You are partially covered in yellow
                  | scales. (AC +2) [demonic ancestry]
  4690 | D:6      | Reached XP level 8. HP: 52/64 MP: 8/8
  4910 | D:6      | Reached skill level 5 in Dodging
  4959 | D:6      | Noticed Maggie
  4984 | D:6      | Slain by Maggie

Illustrated notes

Levels and vault maps discovered:
D:1:      ncdulo_lavacross, layout_loops_ring
D:2:      layout_loops_ring, chequers_ecumenical_altar_island, basic_altar,
          chequers_serial_rivers_small_b, minivault_26, nrook_mini_backslash
D:3:      layout_rooms, cheibrodos_sewer_entry_sluice, nicolae_goblin_pals
D:4:      layout_loops_cross
D:5:      layout_basic, minmay_temple_entry_junction, nicolae_shop_gadgets
D:6:      layout_gridville, mainiacjoe_overflow_small_starburst, uniq_maggie
Temple:   dpeg_chambers_temple

Skill      XL: |  1  2  3  4  5  6  7  8 |
---------------+-------------------------+-----
Dodging        | 1 2 3 4 5 |  5.0
Armour         | 3 4 |  4.5
Shields        | 3 4 |  4.3
Fighting       | 4 5 6 |  6.3
Axes           | |  1.7

Action                     |  1- 3 |  4- 6 |  7- 9 || total
---------------------------+-------+-------+-------++-------
  Melee: War axe           |    96 |   266 |   106 ||   468
         Tailslap          |    10 |    21 |    19 ||    50
    Use: Scroll            |       |     3 |       ||     3
         Potion            |       |       |     2 ||     2
 Armour: Scale mail        |    44 |   151 |    28 ||   223
  Dodge: Dodged            |    51 |   134 |    66 ||   251
  Block: Buckler           |    32 |    78 |    63 ||   173
